 Dungeon Crawl Stone Soup version 0.20.0-1-g1cb1d84 (webtiles) character file.

20769 Gorglomux the Impaler (level 12, -19/97 HPs)
             Began as a Merfolk Berserker on May 26, 2017.
             Was a High Priest of Trog.
             Killed from afar by a lindwurm (42 damage)
             ... with a blast of flame
             ... in a volcano.
             The game lasted 00:17:58 (9576 turns).

Gorglomux the Impaler (Merfolk Berserker)           Turns: 9576, Time: 00:17:59

Health: -19/97     AC: 17    Str: 18    XL:     12   Next: 83%
Magic:  18/18      EV: 17    Int:  7    God:    Trog [*****.]
Gold:   88         SH:  0    Dex: 17    Spells: 11/11 levels left

rFire    . . .     SeeInvis +   B - +1 trident (freeze)
rCold    . . .     Gourm    .   (no shield)
rNeg     . . .     Faith    .   G - +3 storm dragon scales
rPois    .         Spirit   .   (no helmet)
rElec    +         Reflect  .   S - +0 cloak
rCorr    .         Harm     .   (no gloves)
MR       .....                  (no boots)
Stlth    ..........             (no amulet)
Regen    0.3/turn               s - ring of see invisible
MPRegen  0.2/turn               D - +3 ring of evasion

@: berserk cooldown, slowed, very slow
A: change form in water, swift swim, stealthy swim
a: Berserk, Trog's Hand, Brothers in Arms, Burn Spellbooks, Renounce Religion


You were in a volcano.
You worshipped Trog.
Trog was extremely pleased with you.
You were near starving.

You visited 2 branches of the dungeon, and saw 12 of its levels.
You also visited: Sewer, Ossuary and Volcano.

You collected 534 gold pieces.
You spent 446 gold pieces at shops.

Inventory:

Hand Weapons
 a - a +0 spear
 B - a +1 trident of freezing (weapon)
 E - a +0 halberd
Missiles
 C - 89 stones
 Z - 3 throwing nets (quivered)
Armour
 G - +3 storm dragon scales (worn)
 S - a +0 cloak (worn)
Jewellery
 s - a ring of see invisible (left hand)
 D - a +3 ring of evasion (right hand)
Wands
 A - a wand of lightning (3/15)
 I - a wand of iceblast (4/15)
 K - a wand of iceblast (9/15)
 L - a wand of lightning (2/15)
Scrolls
 e - a scroll of enchant weapon {unknown}
 g - 3 scrolls of amnesia {unknown}
 h - 5 scrolls of recharging
 j - 2 scrolls of fog
 M - 2 scrolls of magic mapping
 N - 8 scrolls of remove curse
 R - a scroll of identify
 U - 2 scrolls of fear
 V - a scroll of torment {unknown}
 W - 2 scrolls of immolation {unknown}
 X - 3 scrolls of teleportation {unknown}
 Y - a scroll of vulnerability {unknown}
Potions
 l - 5 potions of mutation {!q}
 m - a potion of ambrosia
 p - 3 potions of cancellation
 q - 4 potions of haste
 t - a potion of brilliance
 u - a potion of magic
 F - 2 potions of might
 H - a potion of lignification
 O - a potion of agility
 P - 3 potions of heal wounds
 Q - 5 potions of curing
Comestibles
 b - 5 bread rations
 k - 7 fruits
 z - a meat ration
 J - 4 royal jellies


   Skills:
 + Level 10.3 Fighting
 + Level 16.9 Polearms
 + Level 6.5 Armour
 + Level 11.4 Dodging
 + Level 8.2 Evocations


You had 11 spell levels left.
You didn't know any spells.

Dungeon Overview and Level Annotations

Branches:
Dungeon (11/15)            Temple (0/1) D:5            Lair (1/6) D:8
    Orc (0/2) D:9

Altars:
Ashenzari
Dithmenos
Elyvilon
Nemelex Xobeh
Okawaru
Ru
Sif Muna
Trog
Uskayaw
Xom
Zin
The Shining One

Shops:
D:5 *?=   D:10 **[}


Message History

Attack whom?
Press: ? - help, Dir - move target cursor, f/p - lindwurm
Aim: a lindwurm (lightly wounded, catching its breath)
You reach to attack!
You impale the lindwurm!! You freeze the lindwurm.
The lindwurm is severely wounded.
Attack whom?
Press: ? - help, Dir - move target cursor, f/p - lindwurm
Aim: a lindwurm (severely wounded, catching its breath)
You reach to attack!
You puncture the lindwurm! You freeze the lindwurm.
You kill the lindwurm!
Trog accepts your kill. The lindwurm breathes flames at you.
The blast of flame hits you!
* * * LOW HITPOINT WARNING * * *
Unknown command.
You are too injured to fight recklessly!
You are near starving!
The lindwurm breathes flames at you. The blast of flame hits you!
You die...

## ### ##§# ##.###
##.≈.###...≈##
##..≈§§#....§≈#
#.≈≈≈§≈§..∩.§≈#
.≈≈≈§§§#...≈≈≈# # ##
####≈≈§≈≈#.).≈≈≈#
+##≈#≈###@.##≈≈####.§§§≈#
#.≈≈.≈≈≈.##.#####'.§§§.§#
#..≈.k≈≈.##...##.#..§§≈§#
#.≈≈≈≈.####....##....≈##
#.≈≈§≈.# ###.#####..##
##.≈§..# ### .## #.≈≈.##
## ##..# #..


You could see a lindwurm.

Vanquished Creatures
  The ghost of IjonTichy1 the Cruncher, a journeyman BaIE of Cheibriados (Volcano)
  3 hydras (Lair:1)
  Erica (D:9)
  2 two-headed ogres (D:9)
  The ghost of HungrySpirit the Basher, a novice GrFi of Okawaru (D:9)
  Nergalle (D:10)
  An unseen horror (D:10)
  A lindwurm (Volcano)
  The ghost of HungrySpirit the Basher, a novice GrFi of Okawaru (D:6)
  A centaur zombie (D:11)
  A toenail golem (Volcano)
  Joseph (D:9)
  A gargoyle (D:10)
  Psyche (D:10)
  3 molten gargoyles (Volcano)
  A spiny frog (Lair:1)
  2 efreet (Volcano)
  A kobold demonologist (D:8)
  A troll (D:8)
  A hornet (D:10)
  2 hippogriffs
  13 yaks
  2 fire elementals (Volcano)
  A basilisk (Lair:1)
  A hungry ghost (D:10)
  3 wargs (D:8)
  Edmund (D:5)
  An acid dragon (D:11)
  Duvessa (D:5)
  A porcupine (Lair:1)
  Purgy (Sewer)
  8 orc warriors
  A black bear (D:8)
  3 sky beasts
  2 eyes of draining (D:8)
  2 ice beasts (D:8)
  3 phantoms
  5 wolves (Lair:1)
  4 crocodiles (Lair:1)
  2 centaurs (D:9)
  3 ogres
  7 big kobolds
  2 bullfrogs
  2 gnoll sergeants (D:9)
  Dowan (D:5)
  2 water moccasin zombies (Ossuary)
  3 scorpions
  A wyvern skeleton (D:8)
  11 killer bees
  2 howler monkeys (D:11)
  2 vampire bats (D:4)
  3 crimson imps
  5 hounds
  A quasit (D:9)
  4 orc priests
  A jelly (D:7)
  9 orc wizards
  2 bullfrog skeletons
  5 iguanas
  8 worker ants
  A big kobold zombie (Ossuary)
  A killer bee zombie (D:9)
  2 hound zombies
  A hound skeleton (D:6)
  2 mummies (Ossuary)
  A worker ant zombie (D:5)
  3 gnolls
  A howler monkey skeleton (D:7)
  8 adders
  A shadow imp (D:9)
  8 adder zombies
  2 adder skeletons
  3 worms
  A dart slug (D:1)
  9 leopard geckos
  28 orcs
  4 ball pythons
  10 bats
  5 giant cockroaches
  3 goblins (D:2)
  7 hobgoblins
  6 jackals
  2 quokkas (D:7)
  2 frilled lizards
  3 hobgoblin zombies (Ossuary)
  8 kobolds
  7 kobold zombies (Ossuary)
  A leopard gecko skeleton (D:4)
  4 orc zombies (Ossuary)
  15 rats
306 creatures vanquished.

Vanquished Creatures (others)
  A fungus (Lair:1)
  A plant (Lair:1)
2 creatures vanquished.

Grand Total: 308 creatures vanquished

Notes
Turn   | Place    | Note
-------+----------+-------------------------------------------
     0 | D:1      | Gorglomux the Merfolk Berserker began the quest for the Orb.
     0 | D:1      | Reached XP level 1. HP: 18/18 MP: 1/1
   168 | D:1      | Reached skill level 5 in Polearms
   170 | D:1      | Reached XP level 2. HP: 24/24 MP: 2/2
   598 | D:2      | Reached ** piety under Trog
   659 | D:2      | Reached skill level 6 in Polearms
   659 | D:2      | Reached XP level 3. HP: 28/29 MP: 3/3
   827 | D:2      | Found a faded altar of an unknown god.
   927 | D:3      | Reached XP level 4. HP: 33/35 MP: 4/4
   947 | D:3      | Reached skill level 7 in Polearms
  1056 | D:4      | Noticed an ogre
  1063 | D:4      | Killed an ogre
  1063 | D:4      | Reached skill level 8 in Polearms
  1063 | D:4      | Reached XP level 5. HP: 41/41 MP: 5/5
  1076 | D:4      | Found a glowing drain.
  1129 | Sewer    | Entered a sewer
  1186 | Sewer    | Noticed Purgy
  1204 | Sewer    | Killed Purgy
  1204 | Sewer    | Reached skill level 9 in Polearms
  1204 | Sewer    | Reached XP level 6. HP: 47/47 MP: 6/6
  1300 | D:4      | Reached skill level 10 in Polearms
  1323 | D:4      | Reached *** piety under Trog
  1499 | D:4      | Reached XP level 7. HP: 52/52 MP: 7/7
  1535 | D:4      | Reached skill level 11 in Polearms
  1962 | D:5      | Entered Level 5 of the Dungeon
  2016 | D:5      | Found a sand-covered staircase.
  2028 | D:5      | Noticed Edmund
  2039 | D:5      | Reached skill level 12 in Polearms
  2047 | D:5      | Killed Edmund
  2047 | D:5      | Reached XP level 8. HP: 32/58 MP: 8/8
  2224 | Ossuary  | Entered an ossuary
  2275 | Ossuary  | Reached skill level 13 in Polearms
  2592 | Ossuary  | Reached **** piety under Trog
  2717 | D:5      | Noticed Duvessa
  2718 | D:5      | Noticed Dowan
  2729 | D:5      | Killed Duvessa
  2729 | D:5      | Reached skill level 3 in Dodging
  2735 | D:5      | Killed Dowan
  2735 | D:5      | Reached skill level 1 in Evocations
  2898 | D:5      | Found Voxary's Magic Scroll Shoppe.
  2902 | D:5      | Bought a scroll of fear for 49 gold pieces
  2902 | D:5      | Bought a scroll of identify for 28 gold pieces
  2902 | D:5      | Bought a scroll of identify for 28 gold pieces
  2902 | D:5      | Bought a scroll of identify for 28 gold pieces
  2984 | D:5      | Found Sulysith's General Store.
  2995 | D:5      | Found a staircase to the Ecumenical Temple.
  3021 | D:5      | Found Reakepil's Jewellery Shoppe.
  3086 | D:6      | Noticed HungrySpirit's ghost (novice GrFi)
  3148 | D:6      | Killed HungrySpirit's ghost
  3148 | D:6      | Reached skill level 14 in Polearms
  3148 | D:6      | Reached XP level 9. HP: 59/66 MP: 10/10
  3946 | D:6      | Found a hide-covered altar of Uskayaw.
  3946 | D:6      | Found a sparkling altar of Nemelex Xobeh.
  4117 | D:6      | Found a bloodstained altar of Trog.
  4118 | D:6      | Found a shattered altar of Ashenzari.
  4128 | D:6      | Found a glowing silver altar of Zin.
  4131 | D:6      | Found an iron altar of Okawaru.
  4132 | D:6      | Found a shadowy altar of Dithmenos.
  4217 | D:7      | Reached skill level 3 in Evocations
  4402 | D:7      | Found a white marble altar of Elyvilon.
  4568 | D:7      | Reached skill level 3 in Armour
  4756 | D:7      | Found a glowing golden altar of the Shining One.
  5166 | D:7      | Found a deep blue altar of Sif Muna.
  5367 | D:7      | Reached skill level 6 in Dodging
  5647 | D:8      | Found a staircase to the Lair.
  5657 | D:8      | Reached skill level 6 in Fighting
  5682 | D:8      | Reached XP level 10. HP: 54/77 MP: 12/12
  6065 | D:8      | Noticed a kobold demonologist
  6076 | D:8      | Killed a kobold demonologist
  6117 | D:8      | Found a sacrificial altar of Ru.
  6346 | D:9      | Found a deep blue altar of Sif Muna.
  6417 | D:9      | Found a staircase to the Orcish Mines.
  6503 | D:8      | Reached skill level 15 in Polearms
  6938 | D:9      | Noticed a two-headed ogre
  6941 | D:9      | Killed a two-headed ogre
  6941 | D:9      | Reached ***** piety under Trog
  7069 | D:9      | Reached XP level 11. HP: 53/86 MP: 15/15
  7192 | D:9      | Noticed Erica
  7205 | D:9      | Killed Erica
  7267 | D:9      | Found a shimmering altar of Xom.
  7269 | D:9      | Found a shimmering altar of Xom.
  7270 | D:9      | Found a shimmering altar of Xom.
  7271 | D:9      | Found a shimmering altar of Xom.
  7425 | D:9      | Noticed Joseph
  7429 | D:9      | Noticed a two-headed ogre
  7440 | D:9      | Killed Joseph
  7440 | D:9      | Reached skill level 9 in Dodging
  7446 | D:9      | Killed a two-headed ogre
  7446 | D:9      | Reached skill level 6 in Evocations
  7537 | D:9      | Found an iron altar of Okawaru.
  7545 | D:9      | Noticed HungrySpirit's ghost (novice GrFi)
  7558 | D:9      | Killed HungrySpirit's ghost
  7856 | D:10     | Entered Level 10 of the Dungeon
  7856 | D:10     | Noticed Nergalle
  7872 | D:10     | Killed Nergalle
  7873 | D:10     | Found Xyeparocw's Armour Shoppe.
  7889 | D:10     | Paralysed by a hornet for 3 turns
  7922 | D:10     | Found Hituph's Assorted Antiques.
  7946 | D:10     | Noticed Psyche
  7984 | D:10     | Reached skill level 16 in Polearms
  7986 | D:10     | Killed Psyche
  8021 | D:10     | Bought a pair of pitted boots for 313 gold pieces
  8026 | D:10     | Identified the cursed +0 pair of boots of Somewhere Else {-Tele rN+++ Int+4 SInv} (You bought it in a shop on level 10 of the Dungeon)
  8063 | D:10     | Found Amasuaqogra's General Store.
  8095 | D:10     | Noticed an unseen horror
  8110 | D:10     | Killed an unseen horror
  8110 | D:10     | Reached skill level 9 in Fighting
  8303 | D:10     | Found Biequr Kaig's Gadget Boutique.
  8529 | D:11     | Reached XP level 12. HP: 95/95 MP: 17/17
  8726 | Lair:1   | Entered Level 1 of the Lair of Beasts
  8804 | Lair:1   | Noticed a seven-headed hydra
  8820 | Lair:1   | Killed a seven-headed hydra
  8828 | Lair:1   | Received a gift from Trog
  9027 | Lair:1   | Reached skill level 6 in Armour
  9138 | Lair:1   | Noticed a seven-headed hydra
  9161 | Lair:1   | Killed a seven-headed hydra
  9197 | Lair:1   | Found a dark tunnel.
  9245 | Lair:1   | Noticed a five-headed hydra
  9256 | Lair:1   | Killed a five-headed hydra
  9302 | Volcano  | Entered a volcano
  9302 | Volcano  | Noticed IjonTichy1's ghost (journeyman BaIE)
  9340 | Volcano  | Killed IjonTichy1's ghost
  9576 | Volcano  | Killed from afar by a lindwurm

Skill      XL: |  1  2  3  4  5  6  7  8  9 10 11 12 |
---------------+-------------------------------------+-----
Polearms       | 5 6 8 9 10 12 14 15 16 | 16.9
Dodging        | 4 6 8 10 11 | 11.4
Evocations     | 2 3 5 7 8 |  8.2
Armour         | 2 3 4 5 6 |  6.5
Fighting       | 4 6 7 9 10 | 10.3

Action                   |  1- 3 |  4- 6 |  7- 9 | 10-12 || total
-------------------------+-------+-------+-------+-------++-------
Melee: Spear             |   114 |    97 |   753 |   175 ||  1139
       Halberd           |       |       |       |   186 ||   186
       Trident           |       |       |       |   342 ||   342
Invok: Berserk           |     2 |     4 |    13 |    20 ||    39
       Trog's Hand       |       |       |     2 |     7 ||     9
       Burn Spellbooks   |       |       |       |     1 ||     1
Evoke: Wand              |       |       |       |     4 ||     4
  Use: Scroll            |       |       |     7 |    15 ||    22
 Stab: Sleeping          |     2 |       |       |       ||     2
  Eat: Chunk             |     2 |     5 |    19 |    33 ||    59
       Royal jelly       |       |       |     1 |     1 ||     2
       Meat ration       |       |       |     1 |       ||     1
Armor: Animal skin       |     5 |       |       |       ||     5
       Ring mail         |     7 |    21 |    76 |       ||   104
       Storm dragon scal |       |       |    18 |   185 ||   203
Dodge: Dodged            |    36 |    35 |   213 |   304 ||   588
